 Dungeon Crawl Stone Soup version 0.17.0-27-g4a3f43e (webtiles) character file.

30 Avanven the Insei (level 3, 0/23 HPs)
             Began as an Octopode Transmuter on Nov 21, 2015.
             Fell down a flight of stairs (1 damage)
             ... on level 2 of the Dungeon.
             The game lasted 00:02:53 (1110 turns).

Avanven the Insei (Octopode Transmuter)             Turns: 1110, Time: 00:02:54

Health: 0/23       AC:  1    Str:  9    XL:     3   Next: 18%
Magic:  4/6        EV:  7    Int: 16    God:
Gold:   24         SH:  0    Dex: 12    Spells: 2 memorised, 2 levels left

rFire  . . .     SeeInvis .       - Unarmed
rCold  . . .     Clarity  .     (no shield)
rNeg   . . .     SustAt   .     (helmet restricted)
rPois  .         Gourm    .     (no amulet)
rElec  .         Spirit   .     (no ring)
rCorr  .         Warding  .     (no ring)
rMut   .         Stasis   .     (no ring)
MR     .....                    (no ring)
Stlth  ++........               (no ring)
                                (no ring)
                                (no ring)
                                (no ring)

@: confused, not resistant to hostile enchantments, unstealthy
A: almost no armour, amphibious, 8 rings, constrict 8, camouflage 1, gelatinous
body 1
a: no special abilities


You were on level 2 of the Dungeon.
You were not hungry.

You visited 1 branch of the dungeon, and saw 2 of its levels.

You collected 24 gold pieces.

Inventory:

Missiles
 a - 12 arrows
 j - 7 javelins (quivered)
 k - 16 arrows of flame
Scrolls
 d - a scroll of amnesia {unknown}
 e - 2 scrolls of identify {unknown}
 f - a scroll of enchant armour {unknown}
Potions
 g - a potion of heal wounds {unknown}
 h - a potion of degeneration {unknown}
 i - 2 potions of resistance {unknown}
Books
 b - a book of Changes

   Spells                             Type                      Level
   a - Beastly Appendage              Transmutation                1
   b - Sticks to Snakes               Transmutation                2
   c - Spider Form                    Transmutation/Poison         3
   d - Ice Form                       Ice/Transmutation            4
   e - Blade Hands                    Transmutation                5
Comestibles
 c - a bread ration


   Skills:
 - Level 1.0 Fighting
 - Level 2.0 Dodging
 + Level 3.6 Unarmed Combat
 - Level 2.0 Spellcasting
 + Level 2.8 Transmutations


You had 2 spell levels left.
You knew the following spells:

 Your Spells              Type           Power        Failure   Level  Hunger
a - Beastly Appendage     Trmt           ##....       10%         1    #......
b - Spider Form           Trmt/Pois      #.........   38%         3    ###....


Dungeon Overview and Level Annotations

Branches:
Dungeon (2/15)

Altars:

Annotations:
D:2 Ijyb, Jessica


Innate Abilities, Weirdness & Mutations

You cannot wear most types of armour.
You are amphibious.
You can wear up to eight rings at the same time.
You can use your tentacles to constrict eight enemies at once.
Your skin changes colour to match your surroundings (Stealth).
Your rubbery body absorbs attacks (AC +1).


Message History

Jessica blinks!
Ijyb zaps a wand.
Your will is overpowered!
You are more confused.
You're too confused to move!
Jessica gestures at you while chanting. Pain shoots through your body!
Ouch! That really hurt!
* * * LOW HITPOINT WARNING * * *
Ijyb completely misses you.
Jessica zaps a wand.
You are more confused.
Your transformation has ended.
Jessica gestures at you while chanting. Pain shoots through your body!
* * * LOW HITPOINT WARNING * * *
Ijyb completely misses you.
There is a stone staircase leading up here.
Jessica zaps a wand.
You resist with significant effort.
Ijyb zaps a wand.
Your will is overpowered!
You are more confused.
Jessica zaps a wand.
In your confused state, you trip and fall back down the stairs.
You die...

......
......
######
....#.
.....##
......
##.....##
..#K..
#....@..#
... ..
#.......#
...r .
#.......#
##...
##.....##
#.@.....# .
#.g.....#
#..#..)....#
..........##
.........##
###.....>..#
......#####
.###... .#
#...


You could see Ijyb and Jessica.

Vanquished Creatures
  A gnoll (D:1)
  A giant cockroach (D:1)
  3 hobgoblins
  4 jackals (D:1)
  3 bats (D:1)
  2 giant newts (D:1)
  2 goblins
  2 kobolds (D:1)
  A rat (D:1)
19 creatures vanquished.

Notes
Turn   | Place    | Note
--------------------------------------------------------------
     0 | D:1      | Avanven the Octopode Transmuter began the quest for the Orb.
     0 | D:1      | Reached XP level 1. HP: 13/13 MP: 3/3
   321 | D:1      | Reached XP level 2. HP: 18/18 MP: 3/5
   588 | D:1      | Reached XP level 3. HP: 23/23 MP: 4/6
   601 | D:1      | Learned a level 3 spell: Spider Form
  1090 | D:2      | Noticed Jessica
  1090 | D:2      | Noticed Ijyb
  1108 | D:2      | HP: 1/23 [Jessica/nerve-wracking pain (4)]
  1110 | D:2      | Fell down a flight of stairs

Action                   || total
-------------------------++-------
Melee: Unarmed           ||    39
 Cast: Beastly Appendage ||    11
       Spider Form       ||     1
 Stab: Sleeping          ||     2
  Eat: Chunk             ||     1
